 Dungeon Crawl Stone Soup version 0.27-a0-1325-g58a489a (webtiles) character file.

Game seed: 9463552080478986053

94 Illumine the Poker (level 4, -1/34 HPs)
             Began as a Demonspawn Gladiator on June 23, 2021.
             Slain by an orc priest (3 damage)
             ... on level 3 of the Dungeon.
             The game lasted 00:02:34 (3080 turns).

Illumine the Poker (Demonspawn Gladiator)           Turns: 3080, Time: 00:02:35

Health: -1/34      AC:  8    Str: 15    XL:     4   Next: 38%
Magic:  4/4        EV: 12    Int:  9    God:
Gold:   35         SH:  0    Dex: 15    Spells: 3/3 levels left

rFire    . . .     SeeInvis .   a - +0 trident
rCold    . . .     Faith    .   (no shield)
rNeg     . . .     Spirit   .   b - +0 leather armour
rPois    .         Reflect  .   c - +0 helmet
rElec    .         Harm     .   (no cloak)
rCorr    .         Rampage  .   (no gloves)
Will     .....                  e - +0 pair of boots
Stlth    +.........             (no amulet)
HPRegen  0.11/turn              (no ring)
MPRegen  0.09/turn              (no ring)

@: no status effects
A: icy blue scales 2
a: no special abilities


You were on level 3 of the Dungeon.
You visited 1 branch of the dungeon, and saw 3 of its levels.

You collected 35 gold pieces.

Inventory:

Hand Weapons
 a - a +0 trident (weapon)
Missiles
 d - 3 throwing nets (quivered)
Armour
 b - a +0 leather armour (worn)
 c - a +0 helmet (worn)
 e - a +0 pair of boots (worn)
Scrolls
 f - 2 scrolls of teleportation {unknown}
 g - a scroll of identify {unknown}
 h - a scroll of summoning {unknown}
 i - a scroll of magic mapping {unknown}
Potions
 j - a potion of brilliance {unknown}
 k - a potion of magic {unknown}


   Skills:
 + Level 2.8 Fighting
 * Level 3.9 Polearms
 - Level 1.7 Throwing
 + Level 3.3 Dodging


You had 3 spell levels left.
You didn't know any spells.
Your spell library contained the following spells:

 Spells                   Type           Power      Damage    Failure   Level
 Beastly Appendage        Tmut           0%         N/A       45%         1
 Wereblood                Tmut           0%         N/A       58%         2
 Spider Form              Tmut/Pois      0%         N/A       83%         3
 Ice Form                 Ice/Tmut       0%         N/A       99%         4


Dungeon Overview and Level Annotations

Branches:
Dungeon (3/15)

Altars:


Innate Abilities, Weirdness & Mutations

You are mostly covered in icy blue scales. (AC +3)


Message History

There is a stone staircase leading up, spattered with blood here.
Things that are here:
a +0 chain mail; a +0 flail; an orc skeleton You reach to attack!
You hit the orc priest.
The orc priest is moderately wounded.
You hit the orc priest but do no damage.
The orc priest is moderately wounded.
The orc priest hits you but does no damage.
You hit the orc priest but do no damage.
The orc priest is moderately wounded.
The orc priest completely misses you.
You hit the orc priest.
The orc priest is heavily wounded.
The orc priest hits you but does no damage.
You closely miss the orc priest.
The orc priest is heavily wounded.
The orc priest hits you but does no damage.
The orc priest hits you with a +0 mace.
You hit the orc priest but do no damage.
The orc priest is heavily wounded.
The orc priest calls down the wrath of Beogh upon you.
Beogh smites you!
You puncture the orc priest!
The orc priest is almost dead.
The orc priest looks encouraged for a moment.
You closely miss the orc priest.
The orc priest is almost dead.
The orc priest barely misses you.
You barely miss the orc priest.
The orc priest is almost dead.
The orc priest hits you with a +0 mace.
* * * LOW HITPOINT WARNING * * *
You barely miss the orc priest.
The orc priest is almost dead.
The orc priest hits you with a +0 mace!
* * * LOW HITPOINT WARNING * * *
You barely miss the orc priest.
The orc priest is almost dead.
The orc priest hits you with a +0 mace.
You die...

...... ... ##..###.# ..#
......#.# #.# ##....#.#
#.# ........# #.####
........+ #....
........####..####
........+..[รท.(o.#
........###.#.##@######.#
...+##...o....#<).......#
###+##....#.#####.#######
..........#...#...#
..........###.#.###
.........o# #.#.#
#.........# #...#
#.........#######
#................


You could see an orc priest.

Vanquished Creatures
  2 adders (D:2)
  2 worms (D:2)
  A dart slug (D:1)
  5 orcs (D:3)
  5 ball pythons
  5 bats
  6 endoplasms
  3 giant cockroaches
  3 goblins
  5 hobgoblins
  8 jackals
  A quokka (D:1)
  3 frilled lizards (D:1)
  2 kobolds
  2 rats (D:1)
53 creatures vanquished.

Notes
Turn   | Place    | Note
-------+----------+-------------------------------------------
     0 | D:1      | Illumine the Demonspawn Gladiator began the quest for the
                  | Orb.
     0 | D:1      | Reached XP level 1. HP: 16/16 MP: 1/1
   350 | D:1      | Gained mutation: You are partially covered in icy blue
                  | scales. (AC +2) [demonic ancestry]
   350 | D:1      | Reached XP level 2. HP: 21/22 MP: 2/2
   600 | D:1      | Gained mutation: You are mostly covered in icy blue scales.
                  | (AC +3) [demonic ancestry]
   600 | D:1      | Reached XP level 3. HP: 24/28 MP: 3/3
   826 | D:1      | You fall into a shaft and drop 1 floor!
  1804 | D:3      | HP: 1/28 [orc priest/divine providence (13)]
  2146 | D:3      | HP: 1/28 [orc priest (7)]
  2510 | D:3      | Reached XP level 4. HP: 34/34 MP: 4/4
  3080 | D:3      | Slain by an orc priest

Illustrated notes

Levels and vault maps discovered:
D:1:      scummos_arrival_checkerplants, layout_basic, minmay_misc_feat_cross
D:2:      layout_loops_ring, minivault_11
D:3:      layout_basic, interstate_on_off

Skill      XL: |  1  2 |
---------------+-------+-----
Polearms       | 3 |  3.9
Dodging        | 3 |  3.3
Fighting       | |  2.8
Throwing       | |  1.7

Action                   |  1- 3 |  4- 6 || total
-------------------------+-------+-------++-------
Melee: Trident           |   147 |    52 ||   199
 Stab: Sleeping          |     3 |       ||     3
Armor: Leather armour    |    41 |    28 ||    69
Dodge: Dodged            |    82 |    58 ||   140

Table legend: (Time is in decaauts)
 A = Elapsed time spent in this place.
 B = Non-inter-level travel time spent in this place.
 C = Inter-level travel time spent in this place.
 D = Time resting spent in this place.
 E = Time spent auto-exploring this place.
 F = Levels seen in this place.
 G = Mean time per level.
                   A        B        C        D        E       F      G
               +--------+--------+--------+--------+--------+-----+--------+
         Total |   3109 |   3051 |     58 |   1356 |   1236 |   3 | 1036.3 |
       Dungeon |   3109 |   3051 |     58 |   1356 |   1236 |   3 | 1036.3 |
               +--------+--------+--------+--------+--------+-----+--------+

Top non-repeatable levels by time:
     D:2: 2048 daAuts
     D:1: 836 daAuts
     D:3: 224 daAuts
